 Dungeon Crawl Stone Soup version 0.21.1-1-g345015f (webtiles) character file.

1874 sking99 the Conjurer (level 8, -2/66 HPs)
             Began as a Black Draconian Fire Elementalist on June 22, 2018.
             Was a Believer of Kikubaaqudgha.
             Slain by a jelly (3 damage)
             ... on level 6 of the Dungeon on June 23, 2018.
             The game lasted 00:47:00 (9103 turns).

sking99 the Conjurer (DrFE)                         Turns: 9103, Time: 00:47:01

Health: -2/66      AC: -2    Str: 11    XL:     8   Next: 91%
Magic:  14/15      EV: 13    Int: 17    God:    Kikubaaqudgha [**....]
Gold:   174        SH:  0    Dex: 12    Spells: 3/17 levels left

rFire    . . .     SeeInvis .   o - +2 spear (pain)
rCold    + . .     Gourm    .   (no shield)
rNeg     . . .     Faith    .   (armour unavailable)
rPois    .         Spirit   .   (helmet restricted)
rElec    +         Reflect  .   (no cloak)
rCorr    .         Harm     .   w - +2 pair of gloves
MR       .....                  q - +0 pair of boots
Stlth    ++........             (no amulet)
HPRegen  0.21/turn              e - ring of protection from cold
MPRegen  0.14/turn              (no ring)

@: corroded, drained
A: breathe lightning, unfitting armour, electricity resistance, cold-blooded, AC
+6
a: Breathe Lightning, Receive Corpses, Renounce Religion


You were on level 6 of the Dungeon.
You worshipped Kikubaaqudgha.
Kikubaaqudgha was pleased with you.
You were very hungry.

You visited 2 branches of the dungeon, and saw 8 of its levels.

You collected 240 gold pieces.
You spent 66 gold pieces at shops.

Inventory:

Hand Weapons
 h - a +0 trident of venom
 o - a +2 spear of pain (weapon)
Armour
 q - a +0 pair of boots (worn)
 w - a +2 pair of gloves (worn)
Jewellery
 e - a ring of protection from cold (left hand)
 z - a +4 ring of dexterity {unknown}
 C - an uncursed ring of see invisible {unknown}
Wands
 x - a wand of acid (8)
Scrolls
 d - 2 scrolls of noise
 f - 5 scrolls of identify
 g - 4 scrolls of remove curse
 l - 2 scrolls of fear {unknown}
 v - 4 scrolls of teleportation
 y - a scroll of blinking {unknown}
 A - a scroll of fog {unknown}
 D - a scroll of random uselessness {unknown}
Potions
 c - a potion of mutation {unknown}
 i - 2 potions of flight {unknown}
 j - a potion of resistance
 k - 2 potions of might {unknown}
 n - a potion of agility {unknown}
 p - 3 potions of lignification {unknown}
 r - a potion of berserk rage {unknown}
 s - 2 potions of curing {unknown}
 t - a potion of cancellation {unknown}
Books
 a - a book of Flames

   Spells                             Type                      Level
   a - Flame Tongue                   Conjuration/Fire             1
   b - Throw Flame                    Conjuration/Fire             2
   c - Conjure Flame                  Conjuration/Fire             3
   d - Inner Flame                    Hexes/Fire                   3
   e - Sticky Flame                   Conjuration/Fire             4
   f - Fireball                       Conjuration/Fire             5
 m - a book of Unlife

   Spells                             Type                      Level
   a - Recall                         Summoning/Translocation      3
   b - Animate Dead                   Necromancy                   4
   c - Borgnjor's Vile Clutch         Necromancy/Earth             5
   d - Death Channel                  Necromancy                   6
   e - Simulacrum                     Ice/Necromancy               6
 u - Kikubaaqudgha's Grimoire of Stolen Souls
   (Kikubaaqudgha gifted it to you on level 5 of the Dungeon)

   Spells                             Type                      Level
   a - Animate Skeleton               Necromancy                   1
   b - Pain                           Necromancy                   1
   c - Sublimation of Blood           Necromancy                   2
   d - Vampiric Draining              Necromancy                   3
 B - a book of Necromancy

   Spells                             Type                      Level
   a - Pain                           Necromancy                   1
   b - Animate Skeleton               Necromancy                   1
   c - Vampiric Draining              Necromancy                   3
   d - Regeneration                   Charms/Necromancy            3
   e - Animate Dead                   Necromancy                   4
   f - Borgnjor's Vile Clutch         Necromancy/Earth             5
Comestibles
 b - 3 rations


   Skills:
 + Level 4.1(3.6) Fighting
 + Level 3.9(3.4) Dodging
 - Level 1.7(1.3) Stealth
 - Level 5.0(4.5) Spellcasting
 + Level 5.7(5.2) Conjurations
 * Level 5.2(4.7) Necromancy
 - Level 4.7(4.2) Fire Magic


You had 3 spell levels left.
You knew the following spells:

 Your Spells              Type           Power        Failure   Level  Hunger
a - Flame Tongue          Conj/Fire      ###..        2%          1    None
b - Throw Flame           Conj/Fire      ###...       3%          2    ##.....
c - Conjure Flame         Conj/Fire      ###.....     6%          3    ###....
d - Sticky Flame          Conj/Fire      ###.....     22%         4    ####...
e - Animate Skeleton      Necr           N/A          2%          1    None
f - Vampiric Draining     Necr           ###.......   6%          3    ###....


Dungeon Overview and Level Annotations

Branches:
Dungeon (7/15)             Temple (1/1) D:4

Altars:
Ashenzari
Cheibriados
Dithmenos
Elyvilon
Fedhas
Gozag
Hepliaklqana
Kikubaaqudgha
Makhleb
Nemelex Xobeh
Okawaru
Qazlal
Ru
Trog
Uskayaw
Vehumet
Wu Jian
Xom
Yredelemnul
Zin

Shops:
D:4 %   D:5 ?


Innate Abilities, Weirdness & Mutations

You can breathe wild blasts of lightning.
Your glossy black scales are hard. (AC +6)
You cannot fit into any form of body armour.
You are resistant to electric shocks. (rElec)
You are cold-blooded and may be slowed by cold attacks.


Message History

The hungry ghost is severely damaged.
The hungry ghost hits you.
* * * LOW HITPOINT WARNING * * *
You are feeling very hungry.
The jelly hits you.
* * * LOW HITPOINT WARNING * * *
The acid corrodes you!
You are splashed with acid!
The acid burns!
* * * LOW HITPOINT WARNING * * *
Casting: Flame Tongue
Confirm with . or Enter, or press ? or * to list all spells.
Aiming: Flame Tongue
Press: ? - help, Shift-Dir - straight line, f - jelly
Aim: a jelly The flame tongue hits the jelly.
The jelly is moderately wounded.
The hungry ghost hits you.
* * * LOW HITPOINT WARNING * * *
You feel quite a bit more hungry. The jelly hits you.
You die...
Kikubaaqudgha rasps: "You have failed me!
Welcome... death!"

#......###... #......#
#.#. #.##.### #.#.
#.##.# ###.#. ##.##.#
#..... ##...#.###.###.
### #..........# #.
##.####....#####.###.
#.gJ@W...............
##.####.#....>.......
#.# #.#.######.#.#. #.#
#.#.## #.#.#.
#.####....#####.....
###.+_'...............
#...###.......##.#....
##.###.#....)).......#<
#..# #.#.............#.


You could see a hungry ghost, a jelly and a gnoll.

Vanquished Creatures
  The ghost of nightchill the Chopper, an amateur FoFi (D:5)
  A water moccasin (D:5)
  An ice beast (D:5)
  An ogre (D:5)
  3 phantoms
  A sky beast (D:5)
  A centaur (D:5)
  2 howler monkeys (D:6)
  A crimson imp (D:5)
  A hound (D:4)
  2 iguanas (D:5)
  Natasha (thrice) (D:3)
  6 orc wizards
  4 worker ants
  A hound skeleton (D:6)
  A howler monkey skeleton (D:4)
  17 adders
  A shadow imp (D:5)
  An ooze (D:1)
  An adder skeleton (D:4)
  An adder zombie (D:5)
  A worm (D:4)
  3 dart slugs
  4 leopard geckos
  20 orcs
  8 bats
  2 giant cockroaches
  7 hobgoblins
  14 jackals
  4 quokkas
  A ball python zombie (D:5)
  7 frilled lizards
  3 goblins
  A jackal zombie (D:6)
  5 kobolds
  A quokka skeleton (D:2)
  8 rats
140 creatures vanquished.

Vanquished Creatures (collateral kills)
  An orc priest (D:5)
  3 orc wizards
  2 orcs (D:6)
6 creatures vanquished.

Vanquished Creatures (others)
  An orc wizard (D:6)
1 creature vanquished.

Grand Total: 147 creatures vanquished

Notes
Turn   | Place    | Note
-------+----------+-------------------------------------------
     0 | D:1      | sking99 the Draconian Fire Elementalist began the quest for the Orb.
     0 | D:1      | Reached XP level 1. HP: 14/14 MP: 3/3
   157 | D:1      | Reached XP level 2. HP: 20/20 MP: 3/5
   213 | D:1      | Learned a level 2 spell: Throw Flame
   823 | D:2      | Reached XP level 3. HP: 21/26 MP: 0/6
  1072 | D:2      | Noticed a phantom
  1600 | D:2      | Learned a level 3 spell: Conjure Flame
  2081 | D:1      | Reached XP level 4. HP: 28/33 MP: 0/8
  2152 | D:2      | Killed a phantom
  2152 | D:2      | Reached XP level 5. HP: 33/38 MP: 3/9
  2158 | D:2      | Learned a level 4 spell: Sticky Flame
  2816 | D:3      | Noticed Natasha
  2878 | D:3      | Killed Natasha
  2893 | D:3      | Noticed Natasha
  2983 | D:3      | Killed Natasha
  3094 | D:3      | Noticed Natasha
  3097 | D:3      | Killed Natasha
  3097 | D:3      | Reached XP level 6. HP: 45/45 MP: 2/11
  3635 | D:3      | Found an opulent altar of Gozag.
  3916 | D:4      | Found a staircase to the Ecumenical Temple.
  3925 | Temple   | Entered the Ecumenical Temple
  4052 | Temple   | Became a worshipper of Kikubaaqudgha
  4844 | D:4      | Reached skill level 1 in Necromancy
  5008 | D:4      | Reached skill level 1 in Fighting
  5096 | D:4      | Found Laum's Food Boutique.
  5570 | D:5      | Entered Level 5 of the Dungeon
  5570 | D:5      | Found a basalt altar of Yredelemnul.
  5692 | D:5      | Your scales start taking on a glossy black colour.
  5692 | D:5      | Reached XP level 7. HP: 51/52 MP: 5/12
  5692 | D:5      | Gained mutation: You are resistant to electric shocks. (rElec) [Black Draconian growth]
  6016 | D:5      | Found a shimmering altar of Xom.
  6016 | D:5      | Found an ornate altar of the Wu Jian Council.
  6111 | D:5      | Reached * piety under Kikubaaqudgha
  6111 | D:5      | Identified Kikubaaqudgha's Grimoire of Stolen Souls (Kikubaaqudgha gifted it to you on level 5 of the Dungeon)
  6111 | D:5      | Received a gift from Kikubaaqudgha
  6236 | D:5      | Learned a level 1 spell: Animate Skeleton
  6240 | D:5      | Learned a level 3 spell: Vampiric Draining
  6334 | D:5      | Noticed nightchill's ghost (amateur FoFi)
  6427 | D:5      | Killed nightchill's ghost
  6427 | D:5      | Reached skill level 5 in Conjurations
  6427 | D:5      | Reached XP level 8. HP: 62/62 MP: 0/14
  6529 | D:5      | Found Abbuzog's Magic Scroll Shoppe.
  6537 | D:5      | Bought 2 scrolls of teleportation for 66 gold pieces
  7749 | D:5      | Reached skill level 5 in Necromancy
  8174 | D:6      | Found a radiant altar of Vehumet.
  8177 | D:6      | Reached ** piety under Kikubaaqudgha
  8490 | D:6      | Reached skill level 5 in Spellcasting
  9103 | D:6      | HP: 1/66 [hungry ghost (4)]
  9103 | D:6      | Slain by a jelly

Skill      XL: |  1  2  3  4  5  6  7  8 |
---------------+-------------------------+-----
Conjurations   | 2 3 4 5 |  5.7
Spellcasting   | 3 4 5 |  5.0
Fire Magic     | 4 |  4.7
Dodging        | 2 3 |  3.9
Necromancy     | 1 3 5 |  5.2
Fighting       | 1 2 4 |  4.1
Stealth        | |  1.7

Action                   |  1- 3 |  4- 6 |  7- 9 || total
-------------------------+-------+-------+-------++-------
Melee: Unarmed           |    68 |    41 |       ||   109
       Tailslap          |     7 |     6 |    12 ||    25
       Spear             |       |    55 |   169 ||   224
 Cast: Flame Tongue      |    60 |    53 |    83 ||   196
       Throw Flame       |    12 |    70 |    38 ||   120
       Conjure Flame     |       |     7 |     9 ||    16
       Animate Skeleton  |       |       |     8 ||     8
Invok: Receive Corpses   |       |       |     2 ||     2
 Abil: Breathe Lightning |       |       |     4 ||     4
  Use: Scroll            |       |     5 |     1 ||     6
  Eat: Chunk             |     2 |    13 |     1 ||    16
       Ration            |     1 |       |     6 ||     7
Armor: Skin              |    24 |    36 |    86 ||   146
Dodge: Dodged            |    57 |    69 |   154 ||   280
